 Dungeon Crawl Stone Soup version 0.27.1-33-g824d729ab1 (webtiles) character file.

Game seed: 10377288609188481073

13 belegose the Skirmisher (level 2, -1/25 HPs)
             Began as a Djinni Abyssal Knight on Dec 6, 2021.
             Was an Initiate of Lugonu.
             Slain by a quokka (3 damage)
             ... on level 1 of the Dungeon.
             The game lasted 00:01:10 (565 turns).

belegose the Skirmisher (Djinni Abyssal Knight)      Turns: 565, Time: 00:01:11

Health: -1/25      AC:  3    Str: 11    XL:     2   Next: 50%
Gold:   46         EV: 11    Int: 13    God:    Lugonu [......] SH:  0 Dex: 12

rFire    + + .     SeeInvis .   a - +1 falchion
rCold    x . .     Faith    .   (no shield)
rNeg     . . .     Spirit   .   b - +0 leather armour
rPois    ∞         Reflect  .   (no helmet)
rElec    .         Harm     .   (no cloak)
rCorr    .         Rampage  .   (no gloves)
Will     .....                  (boots unavailable)
Stlth    +.........             (no amulet)
HPRegen  0.08/turn              (no ring)
MPRegen  0.00/turn              (no ring)

@: flying
A: sickness immunity, fire resistance 2, cold vulnerability 1, float, innate
caster, hp casting, extra vitality 1
a: Renounce Religion


You were on level 1 of the Dungeon.
You worshipped Lugonu.
Lugonu was noncommittal.
You visited 1 branch of the dungeon, and saw 1 of its levels.
You visited the Abyss 1 time.

You collected 46 gold pieces.

Inventory:

Hand Weapons
 a - a +1 falchion (weapon)
Armour
 b - a +0 leather armour (worn)
Scrolls
 d - a scroll of magic mapping {unknown}
 e - a scroll of teleportation {unknown}
Potions
 c - 2 potions of curing {unknown}


   Skills:
 + Level 3.2 Fighting
 + Level 1.9 Long Blades
 - Level 1.0 Armour
 - Level 2.1 Dodging
 + Level 0.5 Spellcasting
 + Level 2.1 Invocations


You had 2 spell levels left.
You didn't know any spells.
Your spell library was empty.

Dungeon Overview and Level Annotations

Branches:
Dungeon (1/15)

Altars:


Innate Abilities, Weirdness & Mutations

You are immune to sickness and miasma.
You are immune to poison.
Your flesh is very heat resistant. (rF++)
You are vulnerable to cold. (rC-)
You float through the air rather than walking.
You learn spells naturally, not from books.
Your magical power is your life essence.
You have superior vitality. (+4 HP)


Message History

The quokka bites you.
You are too injured to fight recklessly!
You are too injured to fight recklessly!
You are too injured to fight recklessly!
You are too injured to fight recklessly!
You are too injured to fight recklessly!
You hit the bat.
You kill the bat!
Lugonu accepts your kill. The quokka bites you.
You closely miss the quokka. The quokka bites you. x2
* * * LOW HITPOINT WARNING * * *
Unknown command.
You barely miss the quokka. The quokka closely misses you.
You riposte.
You hit the quokka.
The quokka is heavily wounded.
You barely miss the quokka.
The quokka is heavily wounded.
The quokka barely misses you.
You riposte.
You barely miss the quokka.
The quokka is heavily wounded.
You closely miss the quokka.
The quokka is heavily wounded.
The quokka misses you. The quokka bites you.
* * * LOW HITPOINT WARNING * * *
You hit the quokka.
The quokka is severely wounded.
The quokka closely misses you.
You barely miss the quokka.
The quokka is severely wounded.
The quokka bites you.
* * * LOW HITPOINT WARNING * * *
The quokka misses you.
You barely miss the quokka.
The quokka is severely wounded.
The quokka bites you.
* * * LOW HITPOINT WARNING * * *
Unknown command.
The quokka barely misses you. The quokka bites you.
You die...

#...............†......
#......................
#........[.....####....
#..............# ###
#..............####.##
#....)...##...........
#........##...........
#........##.r.........
##########...@.........
#.................#....
#.................#....
#........)..#.#...# ...
#.........#.#.##..# #
#.........#.#.# ..#
#.........#.#.# ..#
#.........#.#.# .#
#.............


You could see a quokka.

Vanquished Creatures
  An endoplasm (D:1)
  A giant cockroach (D:1)
  2 goblins (D:1)
  2 hobgoblins (D:1)
  2 ball pythons (D:1)
  A bat (D:1)
  3 kobolds (D:1)
12 creatures vanquished.

Notes
Turn   | Place    | Note
-------+----------+-------------------------------------------
     0 | Abyss:1  | belegose the Djinni Abyssal Knight began the quest for the
                  | Orb.
     0 | Abyss:1  | Reached XP level 1. HP: 20/20 MP: 0/0
    23 | Abyss:1  | Noticed a large abomination
    25 | D:1      | Escaped the Abyss
   454 | D:1      | Reached XP level 2. HP: 25/25 MP: 0/0
   565 | D:1      | Slain by a quokka

Illustrated notes

Levels and vault maps discovered:
D:1:      erik_arrival_cave_to_civilisation [erik_arrival_cave_to_hall],
          layout_basic, minmay_tetromino_o4

Skill      XL: |  1 |
---------------+----+-----
Invocations    | 2 |  2.1
Fighting       | |  3.2
Long Blades    | |  1.9
Armour         | |  1.0
Dodging        | |  2.1
Spellcasting   | |  0.5

Action                   || total
-------------------------++-------
Melee: Falchion          ||    39
Invok: Depart the Abyss  ||     1
Armor: Leather armour    ||    11
Dodge: Dodged            ||    32
       Rpst.: Falchion   ||     8
